 Dungeon Crawl Stone Soup version 0.22.1-2-g9c5b331383 (webtiles) character file.

101271 Jerry the Tortoise (level 15, -17/135 HPs)
             Began as a Minotaur Fighter on Jan 4, 2019.
             Was a High Priest of Okawaru.
             Killed from afar by a lindwurm (34 damage)
             ... with a blast of flame
             ... summoned by Kirke
             ... on level 1 of the Snake Pit on Jan 5, 2019.
             The game lasted 01:36:31 (27055 turns).

Jerry the Tortoise (Minotaur Fighter)              Turns: 27055, Time: 01:36:31

Health: -17/135    AC:  0    Str: 24    XL:     15   Next: 82%
Magic:  17/19      EV: 24    Int:  8    God:    Okawaru [*****.]
Gold:   2131       SH:  0    Dex: 12    Spells: 14/14 levels left

rFire    x . .     SeeInvis .     - Unarmed
rCold    . . .     Gourm    .   (shield currently unavailable)
rNeg     . . .     Faith    .   (armour currently unavailable)
rPois    +         Spirit   .   (helmet currently unavailable)
rElec    +         Reflect  .   (cloak currently unavailable)
rCorr    .         Harm     .   (gloves currently unavailable)
MR       .....                  (boots currently unavailable)
Stlth    +++++.....             q - amulet of Raplom {rElec rPois rF- MR- Regen+ Int+2}
HPRegen  0.72/turn              (ring currently unavailable)
MPRegen  0.16/turn              (ring currently unavailable)

@: pig-form, heroism, very quick
A: small, (retaliatory headbutt)
a: Heroism, Finesse, Renounce Religion


You were on level 1 of the Snake Pit.
You worshipped Okawaru.
Okawaru was extremely pleased with you.
You were near starving.
You were a filthy swine.
You visited 4 branches of the dungeon, and saw 24 of its levels.
You also visited: Sewer.

You collected 2387 gold pieces.
You spent 256 gold pieces at shops.

Inventory:

Hand Weapons
 E - a +4 flail of freezing
 R - a +8 eveningstar (melded)
Armour
 h - a +2 cloak of poison resistance
 u - a +2 crystal plate armour (melded)
 y - the +0 pair of gloves "Celittui" (melded) {rC+ MR+ rCorr MP+9}
   (Okawaru gifted it to you on level 6 of the Lair of Beasts)

   It protects you from cold.
   It affects your resistance to hostile enchantments.
   It affects your magic capacity (+9).
   It provides partial protection from all sources of acid and corrosion.
 C - a scarf of repulsion (melded)
 Q - the +3 buckler of the Lonely Eyes (melded) {rN+ Dex+5}
   (You found it on level 6 of the Lair of Beasts)

   It affects your dexterity (+5).
   It protects you from negative energy.
 S - a +2 pair of boots of running (melded)
Jewellery
 l - a +2 ring of evasion (melded)
 o - a ring of fire (melded)
 q - the amulet of Raplom (around neck) {rElec rPois rF- MR- Regen+ Int+2}
   (You acquired it on level 15 of the Dungeon)

   [amulet of regeneration]

   It affects your intelligence (+2).
   It makes you vulnerable to fire.
   It insulates you from electricity.
   It protects you from poison.
   It affects your resistance to hostile enchantments.
   It increases your rate of regeneration.
Wands
 b - a wand of digging (13)
 v - a wand of acid (22)
 L - a wand of clouds (8)
 M - a wand of iceblast (12)
 N - a wand of scattershot (7)
 W - a wand of enslavement (17)
Scrolls
 a - 7 scrolls of fear
 d - a scroll of enchant weapon
 e - a scroll of blinking
 i - 4 scrolls of amnesia
 k - 13 scrolls of remove curse
 n - 3 scrolls of identify
 s - a scroll of acquirement
 B - 9 scrolls of teleportation
 I - 3 scrolls of magic mapping
 K - 3 scrolls of enchant armour
 U - 4 scrolls of immolation
 V - a scroll of fog
Potions
 c - a potion of invisibility
 g - 4 potions of resistance
 j - 5 potions of lignification
 m - 2 potions of agility
 p - 13 potions of curing
 r - 2 potions of magic
 t - 6 potions of heal wounds
 w - 4 potions of might
 x - 2 potions of brilliance
 z - a potion of ambrosia
 A - 3 potions of berserk rage
 F - a potion of cancellation
 G - 2 potions of mutation
 H - 4 potions of flight
 O - 2 potions of haste
Miscellaneous
 T - a lamp of fire
Comestibles
 f - 30 rations


   Skills:
 - Level 13.1(18.1) Fighting
 - Level 16.0(21.0) Maces & Flails
 + Level 16.3(21.3) Armour
 + Level 10.9(15.9) Dodging
 + Level 8.5(13.5) Stealth
 + Level 11.8(16.8) Shields
 - Level 7.9 Invocations


You had 14 spell levels left.
You didn't know any spells.
Your spell library contained the following spells:

 Spells                   Type           Power        Failure   Level  Hunger
 Beastly Appendage        Tmut           #.....       41%         1    ##.....
 Corona                   Hex            #......      41%         1    ##.....
 Ensorcelled Hibernation  Hex/Ice        #.....       54%         2    ###....
 Passwall                 Tmut/Erth      #.......     54%         2    ###....
 Confuse                  Hex            #.......     78%         3    ####...
 Dazzling Spray           Conj/Hex       #.....       78%         3    ####...
 Recall                   Summ/Tloc      N/A          78%         3    ####...
 Spider Form              Tmut/Pois      #.........   78%         3    ####...
 Tukima's Dance           Hex            #.......     78%         3    ####...
 Aura of Abjuration       Summ           #.........   100%        5    ######.
 Summon Demon             Summ           #.........   100%        5    ######.
 Summon Forest            Summ/Tloc      #.........   100%        5    ######.
 Summon Mana Viper        Hex/Summ       #.......     100%        5    ######.
 Shadow Creatures         Summ           N/A          100%        6    #######
 Statue Form              Tmut/Erth      #........    100%        6    #######
 Dragon Form              Tmut           #.........   100%        7    #######


Dungeon Overview and Level Annotations

Branches:
Dungeon (15/15) Temple (0/1) D:4 Lair (6/6) D:8 Shoals (0/4) Lair:4 Snake (1/4) Lair:4 Slime (0/5) Lair:5 Orc (2/2) D:10 Elf (0/3) Orc:2 Vaults (0/5) D:13 D:14 Depths (0/5) D:15

Altars:
Hepliaklqana
Kikubaaqudgha
Makhleb
Nemelex Xobeh
Okawaru
Sif Muna
Trog
Uskayaw
Vehumet
Wu Jian
Xom
Zin
The Shining One
Jiyva

Shops:
D:14 !   D:15 }   Orc:2 :=[(

Annotations:
Snake:1 3 runed doors, Kirke; Marnok's ghost, journeyman MiFi
Orc:2 3 runed doors, abdbla's ghost, journeyman SpEn


Innate Abilities, Weirdness & Mutations

((You reflexively headbutt those who attack you in melee.))
((You have a pair of horns on your head.))


Message History

You kill the hog!
Okawaru accepts your kill. The hog barely misses you.
Kirke says, "Can we stop fighting?
I have some good wine for you..." Kirke hits you!
You hit Kirke but do no damage. The hog barely misses you.
Kirke completely misses you. The lindwurm bites you! The lindwurm claws you!
The lindwurm closely misses you.
You gain the combat prowess of a mighty hero.
The hog bites you! Kirke hits you! The lindwurm bites you!
The lindwurm claws you! The lindwurm misses you. The hog bites you!
The lindwurm breathes flames at you. The blast of flame hits you!
The fire burns you terribly!
* * * LOW HITPOINT WARNING * * *
Okay, then.
You feel much better. Kirke hits you.
* * * LOW HITPOINT WARNING * * *
The lindwurm breathes flames at you. The blast of flame hits you!
The fire burns you terribly!
You die...

.....##........#. .....
#......#.# ....
#....###.# .... ###.## .
#.# #.# . #.###.#
......##.
##....##.#.......#
##.......# .......#
##@h......# #......#
#.khk.....###..##..#
#...........#...#...+
#................#...+
#..................#.+
................####..#
..#........)...#.......#
..##..........###......#
..........##........


You could see Kirke, 2 lindwurms and a hog.

Vanquished Creatures
  Nikola (Snake:1)
  Rupert (D:13)
  Roxanne (D:15)
  A stone giant (Orc:1)
  7 slime creatures
  6 dire elephants (Lair:6)
  Snorg (D:11)
  The ghost of Gunterle the Infuser, a journeyman OgSk of Zin (D:10)
  Erolcha (D:9)
  A naga warrior (Snake:1)
  A rakshasa (D:13)
  A catoblepas (D:13)
  3 hydras
  Harold (Lair:1)
  2 ice dragons (D:15)
  4 centaur warriors
  Erica (D:8)
  An anaconda (Lair:6)
  3 two-headed ogres
  A death knight (D:9)
  A dancing weapon (D:10)
  6 death yaks
  3 tengu warriors
  3 naga sharpshooters (Snake:1)
  5 orc high priests
  Urug (Lair:5)
  Nergalle (D:11)
  4 unseen horrors
  6 orc knights
  A harpy (shapeshifter) (D:15)
  A wizard (D:14)
  3 deep elf magi
  Pikel (D:7)
  A mana viper (Snake:1)
  The ghost of Asdor the Ducker, a novice DsAK of Lugonu (D:9)
  An oklob plant (Lair:3)
  6 orc sorcerers
  2 ugly things
  A manticore (D:14)
  Maurice (D:9)
  7 elephants
  3 cyclopes (D:15)
  A salamander (Snake:1)
  A centaur zombie (D:13)
  6 black mambas
  3 centaur skeletons
  A guardian serpent (shapeshifter) (D:15)
  2 gargoyles
  Psyche (D:9)
  4 spiny frogs
  7 komodo dragons
  A kobold demonologist (D:14)
  A tengu conjurer (D:14)
  4 rime drakes (Lair:6)
  6 trolls
  3 meliai (D:13)
  13 hippogriffs
  2 hornets
  20 blink frogs
  3 wraiths
  Eustachio (D:5)
  A spriggan (D:7)
  43 yaks
  2 shadows
  4 wyverns
  4 hogs (Snake:1)
  A vampire (D:12)
  4 basilisks
  16 humans
  A hungry ghost (D:10)
  A steam dragon (D:11)
  2 wargs
  5 vampire mosquitoes (D:15)
  8 nagas (Snake:1)
  2 two-headed ogre zombies (D:10)
  2 soldier ants
  3 acid dragons
  15 water moccasins
  3 porcupines
  A floating eye (shapeshifter) (D:14)
  19 orc warriors
  A slave (D:7)
  4 sky beasts
  8 phantoms
  7 ogres
  3 ice beasts
  16 wolves
  7 centaurs
  7 crocodiles
  6 big kobolds
  20 bullfrogs
  5 scorpions
  A troll zombie (D:10)
  A vampire bat (Lair:4)
  4 killer bees (D:7)
  An electric eel (Lair:1)
  6 wights
  A howler monkey (D:2)
  A bullfrog zombie (D:13)
  5 crimson imps
  A quasit (D:12)
  3 bullfrog skeletons
  3 jellies
  14 orc priests
  5 hounds
  Crazy Yiuf (D:2)
  14 orc wizards
  Ijyb (D:5)
  Terence (D:2)
  4 iguanas
  16 worker ants
  5 ogre zombies (D:10)
  2 hound skeletons
  A mummy (D:9)
  Robin (D:3)
  A worker ant zombie (D:5)
  18 adders
  5 shadow imps
  An ooze (D:2)
  An adder zombie (D:5)
  5 worms
  2 adder skeletons
  3 dart slugs
  7 leopard geckos
  57 orcs
  4 ball pythons
  10 bats
  7 giant cockroaches
  10 goblins
  7 hobgoblins
  28 jackals
  3 quokkas
  4 frilled lizards
  A hobgoblin skeleton (D:10)
  3 hobgoblin zombies (D:10)
  20 kobolds
  5 orc skeletons (D:10)
  16 orc zombies (D:10)
  A quokka skeleton (D:5)
  6 rats
  5 plants
721 creatures vanquished.

Vanquished Creatures (others)
  A slave (D:7)
  A killer bee (D:7)
  An orc wizard (Orc:2)
  2 orcs (D:7)
  13 fungi
  39 plants
57 creatures vanquished.

Grand Total: 778 creatures vanquished

Notes
Turn   | Place    | Note
-------+----------+-------------------------------------------
     0 | D:1      | Jerry the Minotaur Fighter began the quest for the Orb.
     0 | D:1      | Reached XP level 1. HP: 19/19 MP: 0/0
   126 | D:1      | Reached XP level 2. HP: 14/27 MP: 1/1
   583 | D:1      | Reached XP level 3. HP: 29/33 MP: 2/2
   740 | D:1      | You fall through a shaft!
   756 | D:2      | Found an iron altar of Okawaru.
   774 | D:2      | Became a worshipper of Warmaster Okawaru
   943 | D:2      | Reached XP level 4. HP: 34/40 MP: 3/3
  1020 | D:2      | Noticed Terence
  1028 | D:2      | Killed Terence
  1028 | D:2      | Reached skill level 1 in Invocations
  1148 | D:2      | Found a runed door.
  1156 | D:2      | Noticed Crazy Yiuf
  1159 | D:2      | Killed Crazy Yiuf
  1159 | D:2      | Reached XP level 5. HP: 45/47 MP: 4/4
  1211 | D:2      | Found a sparkling altar of Nemelex Xobeh.
  1377 | D:3      | Noticed a centaur
  1381 | D:3      | Killed a centaur
  1381 | D:3      | Reached * piety under Okawaru
  1381 | D:3      | Reached skill level 5 in Maces & Flails
  1440 | D:3      | Noticed an ogre
  1444 | D:3      | Killed an ogre
  1444 | D:3      | Reached skill level 5 in Fighting
  1444 | D:3      | Reached skill level 5 in Armour
  1444 | D:3      | Reached XP level 6. HP: 56/56 MP: 6/6
  1514 | D:3      | Noticed Robin
  1518 | D:3      | Killed Robin
  1623 | D:3      | Found an ancient bone altar of Kikubaaqudgha.
  1707 | D:3      | Found a glowing golden altar of the Shining One.
  1991 | D:3      | Found a radiant altar of Vehumet.
  2280 | D:4      | Found a glowing silver altar of Zin.
  2308 | D:4      | Found a staircase to the Ecumenical Temple.
  2386 | D:4      | Found a glowing drain.
  2488 | Sewer    | Entered a sewer
  3180 | D:4      | Reached XP level 7. HP: 44/61 MP: 7/7
  3861 | D:5      | Entered Level 5 of the Dungeon
  3963 | D:5      | Noticed Eustachio
  4127 | D:5      | Killed Eustachio
  4507 | D:5      | Found a hazy altar of Hepliaklqana.
  4670 | D:5      | Reached ** piety under Okawaru
  4670 | D:5      | Reached XP level 8. HP: 64/70 MP: 9/9
  4678 | D:5      | Noticed Ijyb
  4689 | D:5      | Killed Ijyb
  5600 | D:6      | Noticed a dagger
  5600 | D:6      | Noticed a hand axe
  5608 | D:6      | Found a hide-covered altar of Uskayaw.
  5626 | D:6      | Got a scorched hand axe
  5627 | D:6      | Identified the cursed +2 hand axe of the Sage {chop, rElec
                  | rPois rF+} (You found it on level 6 of the Dungeon)
  6121 | D:7      | HP: 2/71 [something (7)]
  6129 | D:7      | Killed an unseen horror
  6399 | D:7      | Reached XP level 9. HP: 69/79 MP: 11/11
  6536 | D:7      | Reached skill level 5 in Invocations
  6764 | D:7      | Noticed Pikel
  6773 | D:7      | Killed Pikel
  6773 | D:7      | Reached *** piety under Okawaru
  6773 | D:7      | Reached skill level 10 in Maces & Flails
  7663 | D:8      | Reached **** piety under Okawaru
  7663 | D:8      | Reached XP level 10. HP: 73/90 MP: 12/12
  7768 | D:8      | Found an ornate altar of the Wu Jian Council.
  7810 | D:8      | Noticed Erica
  7835 | D:8      | Killed Erica
  8176 | D:8      | Found a shimmering altar of Xom.
  8463 | D:8      | Found a deep blue altar of Sif Muna.
  8495 | D:8      | Found a burning altar of Makhleb.
  8676 | D:8      | Found a staircase to the Lair.
  8686 | Lair:1   | Entered Level 1 of the Lair of Beasts
  8701 | D:8      | Received a gift from Okawaru
  9372 | Lair:1   | Noticed Harold
  9392 | Lair:1   | Killed Harold
  9392 | Lair:1   | Reached skill level 10 in Fighting
  9392 | Lair:1   | Reached skill level 10 in Armour
 10453 | Lair:2   | Reached XP level 11. HP: 94/100 MP: 10/13
 10470 | Lair:2   | Reached ***** piety under Okawaru
 10815 | Lair:2   | Noticed a seven-headed hydra
 10820 | Lair:2   | Killed a seven-headed hydra
 11789 | Lair:3   | Noticed an oklob plant
 11804 | Lair:3   | Killed an oklob plant
 12344 | Lair:4   | Noticed a death yak
 12344 | Lair:4   | Noticed a death yak
 12344 | Lair:4   | Noticed a death yak
 12344 | Lair:4   | Noticed a death yak
 12344 | Lair:4   | Noticed a death yak
 12344 | Lair:4   | Noticed a death yak
 12355 | Lair:3   | Killed a death yak
 12380 | Lair:3   | Killed a death yak
 12602 | Lair:3   | Killed a death yak
 12885 | Lair:4   | Killed a death yak
 12902 | Lair:4   | Reached XP level 12. HP: 111/111 MP: 16/16
 12918 | Lair:3   | Killed a death yak
 13053 | Lair:4   | Killed a death yak
 13196 | Lair:4   | Found a staircase to the Snake Pit.
 13211 | Lair:4   | Received a gift from Okawaru
 13447 | Lair:4   | Found a staircase to the Shoals.
 14381 | Lair:4   | Reached skill level 15 in Maces & Flails
 14584 | Lair:5   | Noticed Urug
 14605 | Lair:5   | Killed Urug
 14605 | Lair:5   | Reached skill level 1 in Dodging
 15007 | Lair:5   | Found a staircase to the Slime Pits.
 15034 | Lair:5   | Found a viscous altar of Jiyva.
 15406 | Lair:6   | Entered Level 6 of the Lair of Beasts
 15406 | Lair:6   | Found the +8 demon blade "Bloodbane" {slice, *Rage +Rage
                  | Stlth-}
 15560 | Lair:6   | Noticed a seven-headed hydra
 15591 | Lair:6   | Killed a seven-headed hydra
 15708 | Lair:6   | Received a gift from Okawaru
 15711 | Lair:6   | Got a pair of distressingly furry gloves {god gift}
 15712 | Lair:6   | Identified the +0 pair of gloves "Celittui" {rC+ MR+ rCorr
                  | MP+9} (Okawaru gifted it to you on level 6 of the Lair of
                  | Beasts)
 15738 | Lair:6   | Reached XP level 13. HP: 107/119 MP: 17/17
 16590 | Lair:6   | Reached skill level 5 in Shields
 16667 | Lair:6   | Reached skill level 1 in Stealth
 17207 | Lair:6   | Noticed a dire elephant
 17207 | Lair:6   | Noticed a dire elephant
 17213 | Lair:6   | Noticed a dire elephant
 17215 | Lair:6   | Noticed a dire elephant
 17220 | Lair:6   | Killed a dire elephant
 17220 | Lair:6   | Reached skill level 5 in Dodging
 17228 | Lair:6   | Killed a dire elephant
 17322 | Lair:6   | Killed a dire elephant
 17389 | Lair:6   | Noticed a dire elephant
 17397 | Lair:6   | Killed a dire elephant
 17419 | Lair:6   | Killed a dire elephant
 17436 | Lair:6   | Got a slimy buckler
 17437 | Lair:6   | Identified the +3 buckler of the Lonely Eyes {rN+ Dex+5}
                  | (You found it on level 6 of the Lair of Beasts)
 17529 | Lair:6   | Noticed a dire elephant
 17543 | Lair:6   | Killed a dire elephant
 18194 | D:9      | Found a transporter.
 18200 | D:9      | Noticed Asdor's ghost (novice DsAK)
 18209 | D:9      | Found a transporter.
 18262 | D:9      | Noticed Psyche
 18266 | D:9      | Killed Psyche
 18329 | D:9      | Noticed Erolcha
 18335 | D:9      | Killed Erolcha
 18356 | D:9      | Noticed Maurice
 18367 | D:9      | Killed Maurice
 18432 | D:9      | Found a bloodstained altar of Trog.
 18843 | D:9      | Killed Asdor's ghost
 18927 | D:10     | Entered Level 10 of the Dungeon
 18929 | D:10     | Found a runed door.
 18929 | D:10     | Found a shimmering altar of Xom.
 18929 | D:10     | Noticed Gunterle's ghost (journeyman OgSk)
 19034 | D:10     | Found a staircase to the Orcish Mines.
 19318 | D:10     | Reached XP level 14. HP: 113/129 MP: 18/18
 19401 | D:10     | Received a gift from Okawaru
 19410 | D:10     | Identified a +2 pair of boots of running (Okawaru gifted it
                  | to you on level 10 of the Dungeon)
 19559 | D:10     | Found a radiant altar of Vehumet.
 19679 | D:10     | Killed Gunterle's ghost
 20118 | D:11     | Noticed Nergalle
 20125 | D:11     | Killed Nergalle
 20271 | D:11     | Noticed Snorg
 20281 | D:11     | Killed Snorg
 20652 | D:12     | Reached skill level 5 in Stealth
 22239 | D:14     | Found a gate to the Vaults.
 22239 | D:14     | Noticed Rupert
 22328 | D:13     | Killed Rupert
 22907 | D:13     | Reached skill level 15 in Armour
 23179 | D:13     | Received a gift from Okawaru
 23293 | D:14     | Found Viroz's Distillery.
 23709 | D:15     | Entered Level 15 of the Dungeon
 23725 | D:15     | Reached skill level 10 in Shields
 23816 | D:15     | Reached XP level 15. HP: 116/135 MP: 19/19
 23927 | D:15     | Found Zymmouce's Gadget Shop.
 24179 | D:15     | Found a staircase to the Depths.
 24322 | D:15     | Noticed Roxanne
 24350 | D:15     | Killed Roxanne
 24351 | D:15     | Identified Roxanne's Collected Works on Moulding (You took
                  | it off Roxanne on level 15 of the Dungeon)
 24522 | D:15     | Got a heavily runed chain mail
 24523 | D:15     | Identified the +4 chain mail "Finocw" {MR+ Str-2 Dex+5}
                  | (You found it on level 15 of the Dungeon)
 24525 | D:15     | Identified a scroll of acquirement
 24526 | D:15     | Got a warped jade amulet
 24527 | D:15     | Identified the amulet of Raplom {rElec rPois rF- MR- Regen+
                  | Int+2} (You acquired it on level 15 of the Dungeon)
 24754 | Orc:1    | Entered Level 1 of the Orcish Mines
 24806 | Orc:2    | Entered Level 2 of the Orcish Mines
 24876 | Orc:2    | Reached skill level 10 in Dodging
 24915 | Orc:1    | Paralysed by an orc sorcerer for 6 turns
 25581 | Orc:2    | Found a staircase to the Elven Halls.
 25755 | Orc:2    | Noticed abdbla's ghost (journeyman SpEn)
 25786 | Orc:2    | Found a runed gate.
 25786 | Orc:2    | Found a runed gate.
 25786 | Orc:2    | Found a runed gate.
 25836 | Orc:2    | Found Reideps's Antique Weapon Shoppe.
 26064 | Orc:2    | Found Huggyuf's Antique Armour Shop.
 26070 | Orc:2    | Found Acsubaf's Jewellery Shop.
 26072 | Orc:2    | Found Oxoxzeof's Book Shoppe.
 26272 | Orc:2    | Bought an embroidered scarf for 256 gold pieces
 26529 | Snake:1  | Entered Level 1 of the Snake Pit
 26529 | Snake:1  | Noticed Nikola
 26557 | Snake:1  | Killed Nikola
 26557 | Snake:1  | Received a gift from Okawaru
 26613 | Snake:1  | Found a runed gate.
 26613 | Snake:1  | Found a runed gate.
 26614 | Snake:1  | Noticed Marnok's ghost (journeyman MiFi)
 26617 | Snake:1  | Found a runed gate.
 27038 | Snake:1  | Noticed Kirke
 27054 | Snake:1  | HP: 3/135 [lindwurm/blast of flame[Kirke] (40)]
 27055 | Snake:1  | Killed from afar by a lindwurm

Skill      XL: |  1  2  3  4  5  6  7  8  9 10 11 12 13 14 15 |
---------------+----------------------------------------------+-----
Maces & Flails | 3 4 5 6 7 9 11 13 14 15 16 | 16.0
Fighting       | 4 5 6 7 8 10 11 12 13 | 13.1
Armour         | 4 5 6 7 8 10 11 12 14 15 16 | 16.3
Invocations    | 1 2 3 4 5 6 7 |  7.9
Shields        | 4 7 10 11 | 11.8
Dodging        | 3 6 9 10 | 10.9
Stealth        | 4 6 8 |  8.5

Action                   |  1- 3 |  4- 6 |  7- 9 | 10-12 | 13-15 || total
-------------------------+-------+-------+-------+-------+-------++-------
Melee: Flail             |    63 |       |     4 |   414 |       ||   481
       Headbutt          |    11 |    30 |    49 |   110 |   300 ||   500
       Mace              |     3 |   132 |   199 |       |       ||   334
       Quarterstaff      |       |    53 |       |       |       ||    53
       Whip              |       |       |    92 |       |       ||    92
       Eveningstar       |       |       |       |    82 |  1148 ||  1230
       Unarmed           |       |       |       |       |     4 ||     4
Invok: Heroism           |       |       |     7 |    36 |    35 ||    78
       Finesse           |       |       |       |     3 |    14 ||    17
Evoke: Wand              |       |       |     2 |     7 |     1 ||    10
  Use: Potion            |       |     1 |     4 |     1 |     5 ||    11
       Scroll            |       |    12 |     8 |     7 |    14 ||    41
  Eat: Chunk             |       |     8 |    11 |    22 |    30 ||    71
       Ration            |       |       |     1 |     1 |     1 ||     3
Armor: Scale mail        |    42 |    67 |   102 |   157 |    42 ||   410
       Skin              |       |       |    16 |       |       ||    16
       Chain mail        |       |       |       |       |   155 ||   155
       Crystal plate arm |       |       |       |       |   185 ||   185
Dodge: Dodged            |    43 |    80 |   106 |   182 |   497 ||   908
       Deflected         |       |       |       |       |    12 ||    12
Block: Buckler           |       |       |    20 |    86 |   489 ||   595
